 Dungeon Crawl Stone Soup version 0.17.1-3-g152610e (webtiles) character file.

6947 kaze the Protected (level 11, -21/95 HPs)
             Began as a Hill Orc Fighter on Mar 3, 2016.
             Demolished by an orc warrior
             ... wielding a +0 dire flail
             ... led by an orc high priest
              (23 damage)
             ... on level 2 of the Orcish Mines.
             The game lasted 00:30:16 (10496 turns).

kaze the Protected (Hill Orc Fighter)              Turns: 10496, Time: 00:30:17

Health: -21/95     AC: 13    Str: 32    XL:     11   Next: 7%
Magic:  11/11      EV:  9    Int:  5    God:
Gold:   981        SH: 19    Dex: 10    Spells: 1 memorised, 9 levels left

rFire  + . .     SeeInvis .     y - +7 rapier of Duru {pierce, +Rage Str+9 Int-5}
rCold  . . .     Clarity  .     b - +0 scale mail
rNeg   . . .     SustAt   .     v - +1 large shield
rPois  .         Gourm    .     p - +2 helmet
rElec  .         Spirit   .     r - +0 cloak
rCorr  .         Warding  .     (no gloves)
rMut   .         Stasis   .     (no boots)
MR     .....                    (no amulet)
Stlth  +.........               (no ring)
                                E - ring of protection from fire

@: drained, not resistant to hostile enchantments, very unstealthy
A: talons 1, clever 1
a: Convert to Beogh, Evoke Berserk Rage


You were on level 2 of the Orcish Mines.
You were not hungry.

You visited 2 branches of the dungeon, and saw 11 of its levels.

You collected 981 gold pieces.

Inventory:

Hand Weapons
 a - a +2 war axe
 q - a +4 quarterstaff of chaos
 t - a +0 arbalest
 y - the +7 rapier of Duru (weapon) {pierce, +Rage Str+9 Int-5}
   (You found it on level 7 of the Dungeon)

   It inflicts extra damage upon your enemies.
   It affects your strength (+9).
   It affects your intelligence (-5).
   It lets you go berserk.
Missiles
 s - 53 bolts
 z - 9 tomahawks (quivered)
 B - 2 throwing nets
Armour
 b - a +0 scale mail (worn)
 c - a +3 shield
 p - a +2 helmet (worn)
 r - a +0 cloak (worn)
 v - a +1 large shield (worn)
 x - a +3 leather armour
 O - a troll hide
Jewellery
 E - a ring of protection from fire (left hand)
Wands
 g - a wand of disintegration (13)
 n - a wand of random effects (24)
Scrolls
 i - 2 scrolls of teleportation
 u - 2 scrolls of amnesia
 F - a scroll of remove curse
 G - a scroll of identify
 H - 2 scrolls of blinking
 J - a scroll of vulnerability {unknown}
 M - a scroll of fear {unknown}
 P - a scroll of noise {unknown}
Potions
 d - a potion of might
 f - 2 potions of heal wounds {unknown}
 h - a potion of berserk rage {unknown}
 l - 2 potions of lignification {unknown}
 m - a potion of mutation {unknown}
 o - a potion of flight {unknown}
 w - a potion of agility {unknown}
 A - a potion of brilliance {unknown}
 C - 2 potions of invisibility {unknown}
 L - a potion of cancellation {unknown}
Books
 K - a book of Air

   Spells                             Type                      Level
   a - Shock                          Conjuration/Air              1
   b - Swiftness                      Charms/Air                   2
   c - Repel Missiles                 Charms/Air                   2
   d - Static Discharge               Conjuration/Air              3
   e - Lightning Bolt                 Conjuration/Air              5
Miscellaneous
 I - a box of beasts
Comestibles
 e - 5 bread rations
 k - a beef jerky
 D - 4 meat rations


   Skills:
 + Level 8.5(8.2) Fighting
 + Level 3.6(3.3) Short Blades
 + Level 5.1(4.8) Axes
 + Level 5.1(4.9) Staves
 + Level 0.5(0.2) Crossbows
 + Level 1.2(1.0) Throwing
 + Level 8.7(8.4) Armour
 + Level 5.9(5.6) Dodging
 + Level 4.0(3.7) Stealth
 + Level 8.0(7.7) Shields


You had 9 spell levels left.
You knew the following spells:

 Your Spells              Type           Power        Failure   Level  Hunger
a - Shock                 Conj/Air       #...         100%        1    ##.....


Dungeon Overview and Level Annotations

Branches:
Dungeon (9/15)             Temple (0/1) D:5            Lair (0/8) D:8
    Orc (2/4) D:9

Altars:
Ashenzari
Cheibriados
Gozag
Qazlal
Xom
Yredelemnul
Zin

Shops:
D:5 !


Innate Abilities, Weirdness & Mutations

You have sharp toenails.
Your mind is acute. (Int +2)


Message History

You closely miss the sixfirhy. Your kick misses the sixfirhy.
The sixfirhy is heavily wounded.
The sixfirhy disappears in a puff of smoke!
The orc priest looks braver for a moment.
The orc priest invokes the aid of Beogh against you.
Something smites you!
* * * LOW HITPOINT WARNING * * *
You hit the orc warrior.
You claw the orc warrior, but do no damage.
The orc warrior is lightly wounded.
You block the orc warrior's attack.
Your shield prevents you from hitting the orc warrior.
Your kick misses the orc warrior.
The orc warrior is lightly wounded.
You block the ogre's attack. You block the orc warrior's attack.
You puncture the orc warrior! Your kick misses the orc warrior.
The orc warrior is heavily wounded.
You block the ogre's attack.
The orc warrior hits you with a dire flail!!
You die...

....... ......
...............
#............. .>..
#..................#..
##..........# .........
........##..###.......
........3#...#.......###
#....ooOOo...........#.
###...@##..........o...
#....#####O..#...3†.#
......# ##.##Oo)...##
#.#...#### ###.#.o.....#
##.....#.###...4O.4...##
##.#.....#..........##
###....<.#..#..#.###
##.#................###
#..)#.................#


You could see a sun demon, an orc warrior, 2 ogres, an orc priest and an orc.

Vanquished Creatures
  A troll (D:9)
  Sigmund (D:3)
  A steam dragon (D:8)
  2 hungry ghosts (D:9)
  5 yaks (D:9)
  4 hippogriffs
  Menkaure (D:5)
  An eye of draining (D:9)
  2 ice beasts (D:9)
  5 sky beasts
  An orc warrior (Orc:2)
  4 black bears
  3 phantoms
  2 centaurs
  9 ogres
  A big kobold (D:7)
  2 giant frogs
  A troll zombie (D:9)
  3 killer bees (D:9)
  3 scorpions
  3 crimson imps
  7 orc priests
  A centaur skeleton (D:6)
  A centaur zombie (D:6)
  A hound (D:6)
  A giant frog zombie (D:7)
  3 iguanas
  Crazy Yiuf (D:3)
  A gnoll shaman (D:6)
  Jessica (D:2)
  Terence (D:3)
  9 orc wizards
  6 worker ants
  7 ogre zombies (D:9)
  A hound skeleton (D:6)
  9 gnolls (D:6)
  Robin (D:2)
  A worker ant zombie (D:7)
  6 adders
  An ooze (D:2)
  An adder skeleton (D:9)
  2 worms
  8 giant geckos
  50 orcs
  5 bats
  6 giant cockroaches
  9 goblins
  13 hobgoblins
  2 jackals (D:8)
  5 quokkas
  3 ball pythons
  5 giant newts
  2 goblin zombies (D:9)
  2 hobgoblin zombies (D:9)
  A jackal zombie (D:7)
  11 kobolds
  21 orc zombies (D:9)
  2 rats
262 creatures vanquished.

Vanquished Creatures (others)
  The ghost of kaze the Ducker, a novice TrBe of Trog (D:6)
1 creature vanquished.

Grand Total: 263 creatures vanquished

Notes
Turn   | Place    | Note
--------------------------------------------------------------
     0 | D:1      | kaze the Hill Orc Fighter began the quest for the Orb.
     0 | D:1      | Reached XP level 1. HP: 19/19 MP: 1/1
   289 | D:1      | Reached skill level 4 in Fighting
   289 | D:1      | Reached XP level 2. HP: 24/27 MP: 2/2
  1059 | D:2      | Noticed Robin
  1064 | D:2      | Reached XP level 3. HP: 26/33 MP: 3/3
  1067 | D:2      | Killed Robin
  1275 | D:2      | Reached XP level 4. HP: 39/41 MP: 4/4
  1326 | D:2      | Found a stormy altar of Qazlal.
  1466 | D:2      | Noticed Jessica
  1470 | D:2      | Reached skill level 1 in Dodging
  1474 | D:2      | Killed Jessica
  1716 | D:2      | Reached XP level 5. HP: 41/47 MP: 5/5
  1844 | D:3      | Found an opulent altar of Gozag.
  1998 | D:3      | Found a shattered altar of Ashenzari.
  2422 | D:3      | Found a glowing silver altar of Zin.
  2484 | D:3      | Noticed Crazy Yiuf
  2494 | D:3      | Killed Crazy Yiuf
  2673 | D:3      | Found a snail-covered altar of Cheibriados.
  2706 | D:3      | Noticed Terence
  2711 | D:3      | Killed Terence
  2711 | D:3      | Reached skill level 5 in Armour
  2711 | D:3      | Reached XP level 6. HP: 46/53 MP: 6/6
  2713 | D:3      | Noticed Sigmund
  2722 | D:3      | Killed Sigmund
  2722 | D:3      | Reached skill level 5 in Fighting
  3253 | D:4      | Reached XP level 7. HP: 58/61 MP: 7/7
  3530 | D:5      | Entered Level 5 of the Dungeon
  3623 | D:5      | Found Keuwuh's Distillery.
  3673 | D:5      | Noticed Menkaure
  3678 | D:5      | Killed Menkaure
  3678 | D:5      | Reached skill level 5 in Axes
  3678 | D:5      | Reached skill level 1 in Staves
  4228 | D:5      | Reached skill level 1 in Stealth
  4247 | D:5      | Found a staircase to the Ecumenical Temple.
  4327 | D:5      | Found Xeuti's Antique Armour Shoppe.
  4838 | D:5      | Reached skill level 6 in Armour
  4838 | D:5      | Reached XP level 8. HP: 46/69 MP: 8/8
  5299 | D:6      | Noticed kaze's ghost (novice TrBe)
  5314 | D:6      | Banished kaze's ghost
  5314 | D:6      | Reached skill level 1 in Throwing
  5615 | D:6      | Reached XP level 9. HP: 59/78 MP: 9/9
  5758 | D:6      | Reached skill level 7 in Armour
  6082 | D:6      | Gained mutation: Your mind is acute. (Int +2) [mutagenic meat]
  6083 | D:6      | Gained mutation: You have sharp toenails. [mutagenic meat]
  7107 | D:7      | Got an iridescent rapier
  7108 | D:7      | Identified the +7 rapier of Duru {pierce, +Rage Str+9 Int-5} (You found it on level 7 of the Dungeon)
  7168 | D:7      | Reached skill level 5 in Staves
  7477 | D:8      | Reached skill level 1 in Short Blades
  7488 | D:8      | Found a shimmering altar of Xom.
  7592 | D:8      | Reached XP level 10. HP: 50/86 MP: 10/10
  7837 | D:8      | Found a staircase to the Lair.
  7897 | D:8      | Reached skill level 5 in Shields
  8155 | D:9      | Reached skill level 8 in Armour
  8342 | D:9      | Learned a level 1 spell: Shock
  8566 | D:9      | Found a staircase to the Orcish Mines.
  8584 | D:9      | Reached skill level 5 in Dodging
  9592 | D:9      | Found a basalt altar of Yredelemnul.
  9938 | Orc:1    | Entered Level 1 of the Orcish Mines
 10243 | Orc:2    | Reached XP level 11. HP: 73/95 MP: 11/11
 10472 | Orc:2    | Noticed an orc high priest
 10477 | Orc:2    | Noticed a sun demon
 10490 | Orc:2    | HP: 2/95 [sixfirhy[an orc high priest] (7)]
 10496 | Orc:2    | Demolished by an orc warrior

Action                   |  1- 3 |  4- 6 |  7- 9 | 10-12 || total
-------------------------+-------+-------+-------+-------++-------
Melee: War axe           |   119 |    86 |       |       ||   205
       Quarterstaff      |       |    32 |   279 |       ||   311
       Rapier            |       |       |    43 |   399 ||   442
 Fire: Arbalest          |       |       |     6 |       ||     6
Throw: Tomahawk          |       |       |    16 |       ||    16
  Use: Scroll            |       |     9 |     6 |     2 ||    17
       Potion            |       |       |     1 |     2 ||     3
 Stab: Paralysed         |       |       |    11 |       ||    11
       Petrified         |       |       |     2 |       ||     2
       Confused          |       |       |     1 |       ||     1
       Petrifying        |       |       |     1 |       ||     1
  Eat: Beef jerky        |     1 |     1 |     1 |       ||     3
       Chunk             |       |     1 |     6 |     4 ||    11
       Bread ration      |       |     1 |       |     1 ||     2
       Meat ration       |       |       |     1 |     1 ||     2
       Fruit             |       |       |     4 |       ||     4
       Royal jelly       |       |       |       |     1 ||     1
